 Dungeon Crawl Stone Soup version 0.28.0-49-g6dfe1f597d (webtiles) character file.

Game seed: 13163716737116208137

43 Exodus22XD the Ducker (level 3, -1/28 HPs)
             Began as a Demonspawn Gladiator on May 15, 2022.
             Succumbed to Crazy Yiuf's poison
             ... on level 2 of the Dungeon.
             The game lasted 00:01:06 (1394 turns).

Exodus22XD the Ducker (Demonspawn Gladiator)        Turns: 1394, Time: 00:01:07

Health: -1/28      AC:  6    Str: 16    XL:     3   Next: 37%
Magic:  3/3        EV: 13    Int:  9    God:
Gold:   51         SH:  0    Dex: 14    Spells: 2/2 levels left

rFire   . . .      SeeInvis .   a - +0 trident
rCold   . . .      Faith    .   (no shield)
rNeg    . . .      Spirit   .   j - +0 ring mail
rPois   .          Reflect  .   c - +0 helmet
rElec   .          Harm     .   (no cloak)
rCorr   +          Rampage  .   (no gloves)
Will    .....                   (no boots)
Stlth   +.........              h - amulet of magic regeneration
HPRegen 0.09/turn               f - ring of resist corrosion
MPRegen 0.48/turn               (no ring)

@: lethally poisoned (-1 -> -16)
A: repulsion field 1, demonic magic 1
a: no special abilities


You were on level 2 of the Dungeon.
You visited 1 branch of the dungeon, and saw 2 of its levels.

You collected 51 gold pieces.

Inventory:

Hand Weapons
 a - a +0 trident (weapon)
Missiles
 d - 3 throwing nets (quivered)
Armour
 c - a +0 helmet (worn)
 j - a +0 ring mail (worn)
Jewellery
 f - a ring of resist corrosion (left hand)
 h - an amulet of magic regeneration (around neck)
Scrolls
 e - 2 scrolls of teleportation {unknown}
 g - 6 scrolls of identify {unknown}
 l - a scroll of fog {unknown}
 o - a scroll of vulnerability {unknown}
 p - a scroll of noise {unknown}
Potions
 b - a potion of lignification {unknown}
 i - 2 potions of magic {unknown}
 k - a potion of degeneration {unknown}
 m - 2 potions of invisibility {unknown}
 n - a potion of heal wounds {unknown}


   Skills:
 + Level 2.4 Fighting
 + Level 3.2 Polearms
 + Level 1.8 Throwing
 + Level 0.1 Armour
 + Level 3.2 Dodging
 + Level 0.1 Stealth


You had 2 spell levels left.
You didn't know any spells.
Your spell library was empty.

Dungeon Overview and Level Annotations

Branches:
Dungeon (2/15)

Altars:
Hepliaklqana

Annotations:
D:2 Crazy Yiuf


Innate Abilities, Weirdness & Mutations

You are surrounded by a mild repulsion field. (EV +2)
Spells you cast may paralyse adjacent enemies.


Message History

Found a stone staircase leading down.
No target in view!
Found 15 arrows.
No target in view!
No target in view!
Key pressed, stopping explore.
Failed to move towards target.
Could not explore, unopened runed door.
Failed to move towards target.
Could not explore, unopened runed door.
Failed to move towards target.
You open the door. You hit Crazy Yiuf.
Crazy Yiuf is lightly wounded.
Crazy Yiuf misses you.
You barely miss Crazy Yiuf.
Crazy Yiuf is lightly wounded.
Crazy Yiuf hits you with a +2 quarterstaff of chaos!
You convulse.
You barely miss Crazy Yiuf.
Crazy Yiuf is lightly wounded.
Crazy Yiuf closely misses you. Crazy Yiuf barely misses you.
You hit Crazy Yiuf but do no damage.
Crazy Yiuf is lightly wounded.
Crazy Yiuf hits you with a +2 quarterstaff of chaos!
* * * LOW HITPOINT WARNING * * *
You barely miss Crazy Yiuf.
Crazy Yiuf is lightly wounded.
Crazy Yiuf misses you.
You hit Crazy Yiuf but do no damage.
Crazy Yiuf is lightly wounded.
Crazy Yiuf barely misses you.
You barely miss Crazy Yiuf.
Crazy Yiuf is lightly wounded.
Crazy Yiuf hits you with a +2 quarterstaff of chaos.
* * * LOW HITPOINT WARNING * * *
You are lethally poisoned!
You barely miss Crazy Yiuf.
Crazy Yiuf is lightly wounded.
You die...

#......# #.# ###.##.#
#.# #.##.# #.#
############# ###
#.....# #.######♣♣♣♣♣
#.####....♣.♣♣♣ ###
###..........♣..♣#...#
....##......♣♣♣♣@g...#
#######....♣♣ ♣♣#..)#
####♣♣ ### #### #..#
#..# #..#


You could see Crazy Yiuf.

Vanquished Creatures
  An adder (D:2)
  A dart slug (D:1)
  2 bats
  4 endoplasms
  A giant cockroach (D:1)
  4 goblins (D:1)
  3 quokkas (D:2)
  3 ball pythons (D:1)
  6 frilled lizards
  4 kobolds
  A rat (D:1)
30 creatures vanquished.

Notes
Turn   | Place    | Note
-------+----------+-------------------------------------------
     0 | D:1      | Exodus22XD the Demonspawn Gladiator began the quest for the
                  | Orb.
     0 | D:1      | Reached XP level 1. HP: 16/16 MP: 1/1
   276 | D:1      | Gained mutation: You are surrounded by a mild repulsion
                  | field. (EV +2) [demonic ancestry]
   276 | D:1      | Reached XP level 2. HP: 22/22 MP: 2/2
   397 | D:1      | Found a faded altar of an unknown god.
   880 | D:2      | Found a runed translucent door.
   881 | D:2      | Noticed Crazy Yiuf
  1036 | D:2      | Gained mutation: Spells you cast may paralyse adjacent
                  | enemies. [demonic ancestry]
  1036 | D:2      | Reached XP level 3. HP: 28/28 MP: 3/3
  1147 | D:2      | Found a hazy altar of Hepliaklqana.
  1394 | D:2      | Succumbed to Crazy Yiuf's poison

Illustrated notes

Levels and vault maps discovered:
D:1:      minmay_arrival_four_houses, layout_rooms,
          dreamdust_ecumenical_altar_angels_and_demons, minmay_tripent
D:2:      layout_loops_ring, basic_altar, uniq_crazy_yiuf_cottage

Skill      XL: |  1  2 |
---------------+-------+-----
Dodging        | 3 |  3.2
Polearms       | 3 |  3.2
Fighting       | |  2.4
Throwing       | |  1.8
Armour         | |  0.1
Stealth        | |  0.1

Action                   || total
-------------------------++-------
Melee: Trident           ||   102
       Punch             ||     2
 Stab: Sleeping          ||     3
Armor: Leather armour    ||    10
       Ring mail         ||    19
Dodge: Dodged            ||    71
